 Dungeon Crawl Stone Soup version 0.18.1-5-g4a78601 (webtiles) character file.

197590 striepan the Executioner (level 17, -3/189 HPs)
             Began as a Minotaur Fighter on May 9, 2016.
             Was the Champion of Okawaru.
             Blown up by an orb spider (24 damage)
             ... with an orb of destruction
             ... on level 4 of the Spider Nest on May 10, 2016.
             The game lasted 05:50:10 (39609 turns).

striepan the Executioner (Minotaur Fighter)        Turns: 39609, Time: 05:50:11

Health: -3/189     AC: 19    Str: 27    XL:     17   Next: 78%
Magic:  21/21      EV: 22    Int: 10    God:    Okawaru [******]
Gold:   2252       SH:  0    Dex: 23    Spells: 0 memorised, 16 levels left

rFire  + . .     SeeInvis .     V - +7 executioner's axe (flame)
rCold  . . .     Gourm    .     H - +2 ring mail {rF+}
rNeg   . . .     Faith    .     (shield currently unavailable)
rPois  +         Spirit   .     S - +0 hat of Demons {Int+4 Dex+2}
rElec  .         Dismiss  .     t - +2 cloak
rCorr  .         Reflect  .     z - +1 pair of gloves {Dex+3}
SustAt .         Harm     .     M - +1 pair of boots of the Nexus {*Contam +Inv MR++ Str+3}
MR     +++..                    (no amulet)
Stlth  +.........               i - +5 ring of dexterity
                                N - ring of poison resistance

@: lethally poisoned (-3 -> -3), extremely resistant to hostile enchantments,
very unstealthy
A: retaliatory headbutt, horns 2, robust 1
a: Heroism, Finesse, Renounce Religion, Evoke Invisibility
}: 1/15 runes: decaying


You were on level 4 of the Spider Nest.
You worshipped Okawaru.
Okawaru was exalted by your worship.
You were not hungry.

You visited 6 branches of the dungeon, and saw 34 of its levels.

You collected 2742 gold pieces.
You spent 490 gold pieces at shops.

Inventory:

Hand Weapons
 V - a +7 executioner's axe of flaming (weapon)
Armour
 t - a +2 cloak (worn)
 z - a +1 pair of gloves of dexterity (worn)
 H - a +2 ring mail of fire resistance (worn)
 M - the +1 pair of boots of the Nexus (worn) {*Contam +Inv MR++ Str+3}
   (You found it on level 1 of the Swamp)

   It affects your strength (+3).
   It affects your resistance to hostile enchantments.
   It lets you turn invisible.
   It causes magical contamination when unequipped.
 S - the +0 hat of Demons (worn) {Int+4 Dex+2}
   (Okawaru gifted it to you on level 14 of the Dungeon)

   It affects your intelligence (+4).
   It affects your dexterity (+2).
 X - the +1 hat of Ipagrefi {rF+}
   (Okawaru gifted it to you on level 3 of the Lair of Beasts)

   It protects you from fire.
Jewellery
 e - an uncursed ring of teleportation
 i - a +5 ring of dexterity (right hand)
 n - an uncursed ring of protection from magic
 s - an uncursed ring of positive energy
 v - an uncursed ring of flight
 w - an uncursed ring of resist corrosion
 F - an uncursed ring of protection from fire
 J - an uncursed ring of protection from cold
 K - an uncursed ring of positive energy
 N - a ring of poison resistance (left hand)
 Z - an uncursed ring of resist corrosion
Wands
 b - a wand of heal wounds (6/9)
 m - a wand of lightning (15/15)
 I - a wand of heal wounds (4/9)
 P - a wand of iceblast (6/15)
 W - a wand of acid (4/15)
Scrolls
 k - 10 scrolls of identify
 l - 11 scrolls of teleportation
 o - 15 scrolls of remove curse
 q - 7 scrolls of recharging
 u - a scroll of enchant weapon
 x - 5 scrolls of enchant armour
 y - a scroll of magic mapping
 D - a scroll of holy word
 L - a scroll of acquirement
 Q - 5 scrolls of silence
 T - a scroll of blinking
 Y - 3 scrolls of summoning
Potions
 a - a potion of magic
 c - 5 potions of lignification
 d - 4 potions of might
 g - 3 potions of cure mutation
 h - 4 potions of heal wounds
 j - 16 potions of curing
 p - 9 potions of flight
 r - a potion of haste
 A - 2 potions of invisibility
 B - 5 potions of agility
 E - a potion of resistance
Miscellaneous
 G - a sack of spiders
 O - a phantom mirror
 U - a fan of gales
Comestibles
 f - 14 bread rations
 C - 4 meat rations
 R - 31 fruits


   Skills:
 + Level 20.6 Fighting
 - Level 22.0 Axes
 - Level 16.0 Armour
 - Level 11.0 Dodging
   Level 3.6 Shields
 - Level 7.0 Invocations


You had 16 spell levels left.
You didn't know any spells.

Dungeon Overview and Level Annotations

Branches:
Dungeon (15/15)            Temple (1/1) D:5            Lair (8/8) D:10
  Swamp (4/4) Lair:3       Spider (4/4) Lair:6        Slime (0/6) Lair:8
    Orc (2/2) D:12            Elf (0/3) Orc:2        Vaults (0/5) D:13
 Depths (0/5) D:15

Altars:
Ashenzari
Cheibriados
Dithmenos
Elyvilon
Fedhas
Gozag
Kikubaaqudgha
Makhleb
Nemelex Xobeh
Okawaru
Pakellas
Qazlal
Ru
Sif Muna
Trog
Vehumet
Xom
Yredelemnul
Zin
The Shining One
Beogh

Shops:
D:5 %   D:8 [   D:13 !%   Orc:2 (*[

Portals:
Trove: D:13 (give 11 potions of heal wounds)


Innate Abilities, Weirdness & Mutations

You reflexively headbutt those who attack you in melee.
You have a pair of horns on your head.
You are robust (+10% HP).


Message History

Okawaru accepts your kill.
You closely miss the redback. You slice the jumping spider!!
You burn the jumping spider.
You kill the jumping spider!
Okawaru accepts your kill.
You feel sick. The redback bites you!
* * * LOW HITPOINT WARNING * * *
You closely miss the redback. Your headbutt misses the redback.
The jumping spider leaps!
The redback misses you. You furiously retaliate!
You headbutt the redback!
The orb spider weaves a glowing orb of energy.
An orb of destruction comes into view.
Eat which item? (? for menu, Esc to quit)
Okay, then.
That item cannot be evoked!
You feel much better. The redback misses you. x2
You feel sick.
The jumping spider leaps!
The orb spider begins to weave its threads into a brightly glowing ball.
The orb of destruction hits you!
You die...

,,,,*,,≈≈≈*≈≈,,,,,,,≈≈*
,,,,,,,,,,≈≈≈≈,,,,,,≈≈*
***********************
########################
?.....†......^.........#
.......†.....s..s......#
..§..........s.......).#
....#.........§s.......#
............§..§@......#
##.....................#
#........§.?..s........#
...^.............#.....#
.......................#
,,.....................#
,,,,......#.....^......#
,,,,,,,................#
,,,,,,*,,,,,,,,,,,,,,,,*


You could see 3 orb spiders, a jumping spider and a redback.

Vanquished Creatures
  Rupert (Lair:4)
  Kirke (Swamp:4)
  A thorn hunter (Swamp:3)
  2 ghost moths
  An orc warlord (Orc:2)
  Maud (D:13)
  An emperor scorpion (Spider:4)
  Nessos (Lair:7)
  The ghost of Tibison the Cleaver, a journeyman MiBe of Trog (Spider:1)
  A spark wasp (Spider:3)
  Snorg (Lair:5)
  A yaktaur captain (D:15)
  An entropy weaver (Spider:1)
  Erolcha (D:8)
  20 hydras
  2 ghost crabs
  3 centaur warriors
  6 alligators
  An ogre mage (Orc:1)
  7 death yaks
  A tengu warrior (D:12)
  A catoblepas (D:14)
  An orc high priest (Orc:2)
  Sonja (Lair:1)
  3 skeletal warriors (D:14)
  Nergalle (Lair:4)
  An unseen horror (D:15)
  5 hill giants
  A lindwurm (Lair:7)
  3 shambling mangroves
  10 swamp dragons
  5 orc knights
  A necromancer (D:13)
  A harpy (D:14)
  An orb spider (shapeshifter) (D:15)
  4 orc sorcerers
  4 griffons
  3 hornets
  2 wizards (D:13)
  27 wolf spiders
  A hornet (shapeshifter) (D:13)
  13 ugly things
  A cyclops (D:15)
  3 manticores
  16 orb spiders
  Joseph (D:8)
  17 elephants
  4 black mambas
  19 spiny frogs
  Psyche (D:11)
  A gargoyle (D:12)
  4 torpor snails
  A tengu conjurer (D:13)
  The ghost of eeldvark the Cutter, a novice DsWn of Qazlal (D:5)
  12 komodo dragons
  A yaktaur (D:15)
  A guardian mummy (D:13)
  4 rime drakes
  14 demonic crawlers
  39 jumping spiders
  2 two-headed ogres
  Grinder (D:5)
  2 spriggan druids
  9 trolls
  2 bog bodies
  A boulder beetle (Lair:8)
  2 giant leeches (Swamp:4)
  11 blink frogs
  11 slime creatures
  9 polar bears
  4 wyverns
  18 spriggans
  27 tarantellas
  4 water elementals (D:15)
  2 wraiths (D:13)
  45 yaks
  A basilisk (Lair:8)
  3 vampires (D:15)
  2 hogs (Swamp:4)
  87 redbacks
  8 hippogriffs
  3 hungry ghosts
  19 vampire mosquitoes
  Menkaure (D:4)
  A mottled dragon (D:11)
  9 insubstantial wisps
  14 swamp worms
  3 wargs
  13 water moccasins
  Duvessa (D:7)
  6 porcupines
  33 orc warriors
  7 swamp drakes
  8 black bears
  6 ice beasts
  A phantom (D:7)
  2 eyes of draining
  15 wasps
  A sky beast (D:12)
  39 wolves
  17 centaurs
  19 ogres
  18 crocodiles
  3 big kobolds
  16 giant frogs
  An elf zombie (D:13)
  Dowan (D:7)
  An elf skeleton (D:13)
  A water moccasin zombie (D:11)
  3 scorpions
  14 killer bees
  A wight (D:15)
  A howler monkey (D:8)
  9 crimson imps
  7 human zombies (D:13)
  4 centaur zombies
  2 jellies
  3 hounds
  27 orc priests
  9 iguanas
  8 centaur skeletons
  A giant frog skeleton (D:9)
  2 hell rats (Lair:3)
  Ijyb (D:2)
  36 orc wizards
  7 worker ants
  29 sheep
  A hound zombie (D:8)
  Robin (D:3)
  4 gnolls (D:5)
  6 adders
  27 river rats
  3 shadow imps
  An ooze (D:3)
  3 adder skeletons
  3 worms
  4 dart slugs
  2 giant geckos
  102 orcs
  3 ball pythons
  7 giant cockroaches
  23 goblins
  8 hobgoblins
  11 jackals
  12 kobolds
  3 quokkas
  7 bats
  4 giant newts
  2 quokka zombies
  10 rats
  5 briar patches (Swamp:3)
  5 fungi
  3 plants
1218 creatures vanquished.

Vanquished Creatures (others)
  An orb spider (Spider:4)
  A wolf spider (Spider:1)
  A rime drake (Swamp:4)
  A demonic crawler (Spider:4)
  A boulder beetle (Spider:4)
  A shadow (Swamp:4)
  A black bear (D:8)
  3 ogres (D:8)
  A scorpion (D:8)
  A jelly (D:8)
  A worker ant (D:8)
  A worker ant zombie (D:8)
  A briar patch (Swamp:3)
  31 fungi
  17 plants
63 creatures vanquished.

Grand Total: 1281 creatures vanquished

Notes
Turn   | Place    | Note
--------------------------------------------------------------
     0 | D:1      | striepan the Minotaur Fighter began the quest for the Orb.
     0 | D:1      | Reached XP level 1. HP: 19/19 MP: 0/0
     6 | D:1      | Noticed a swamp worm
     6 | D:1      | Noticed a crocodile
     7 | D:1      | Noticed a black mamba
     7 | D:1      | Noticed a seven-headed hydra
   234 | D:1      | Reached skill level 3 in Axes
   278 | D:1      | Reached XP level 2. HP: 23/26 MP: 1/1
   384 | D:1      | You fall through a shaft!
   420 | D:2      | Noticed Ijyb
   432 | D:2      | Killed Ijyb
   432 | D:2      | Reached skill level 4 in Axes
   432 | D:2      | Reached XP level 3. HP: 28/31 MP: 2/2
   703 | D:1      | Reached skill level 5 in Axes
   837 | D:1      | Reached XP level 4. HP: 39/40 MP: 3/3
  1712 | D:3      | Found a glowing golden altar of the Shining One.
  1977 | D:3      | Found a shadowy altar of Dithmenos.
  2400 | D:3      | Noticed Robin
  2400 | D:3      | Reached XP level 5. HP: 46/46 MP: 4/4
  2406 | D:3      | Killed Robin
  2575 | D:4      | Reached skill level 6 in Axes
  2637 | D:4      | Noticed an ogre
  2643 | D:4      | Killed an ogre
  2658 | D:4      | Found an opulent altar of Gozag.
  2684 | D:4      | Noticed Menkaure
  2705 | D:3      | Reached skill level 7 in Axes
  3019 | D:4      | Reached XP level 6. HP: 53/53 MP: 5/5
  3173 | D:4      | Killed Menkaure
  3173 | D:4      | Reached skill level 5 in Fighting
  3263 | D:5      | Entered Level 5 of the Dungeon
  3263 | D:5      | Noticed Grinder
  3272 | D:5      | Killed Grinder
  3272 | D:5      | Reached skill level 8 in Axes
  3272 | D:5      | Reached XP level 7. HP: 42/61 MP: 6/6
  3406 | D:5      | Reached skill level 9 in Axes
  3454 | D:5      | Noticed eeldvark's ghost (novice DsWn)
  3463 | D:5      | Killed eeldvark's ghost
  3463 | D:5      | Reached XP level 8. HP: 55/70 MP: 7/7
  3530 | D:5      | Found Qeuseum's Food Boutique.
  3884 | D:5      | Found a staircase to the Ecumenical Temple.
  3893 | Temple   | Entered the Ecumenical Temple
  4275 | D:6      | Found an oddly glowing altar of Pakellas.
  4364 | D:6      | Reached skill level 10 in Axes
  5210 | D:7      | Reached XP level 9. HP: 82/82 MP: 8/8
  5247 | D:7      | Noticed Duvessa
  5248 | D:7      | Noticed Dowan
  5260 | D:7      | Killed Duvessa
  5265 | D:7      | Killed Dowan
  5483 | D:7      | Identified a scroll of acquirement
  5620 | D:8      | Reached skill level 11 in Axes
  5635 | D:8      | Found a shimmering altar of Xom.
  5681 | D:8      | Found Kaypneh's Antique Armour Shop.
  5733 | D:8      | Noticed Erolcha
  5747 | D:8      | Killed Erolcha
  5747 | D:8      | Reached skill level 12 in Axes
  5760 | D:8      | Noticed Joseph
  5988 | D:8      | Killed Joseph
  6264 | D:8      | Reached XP level 10. HP: 90/93 MP: 9/9
  6346 | D:8      | Found a bloodstained altar of Trog.
  6346 | D:8      | Found an iron altar of Okawaru.
  6354 | D:8      | Became a worshipper of Warmaster Okawaru
  6360 | D:8      | Reached skill level 10 in Fighting
  6683 | D:9      | Reached * piety under Okawaru
  6686 | D:9      | Reached skill level 13 in Axes
  7558 | D:9      | Found an oddly glowing altar of Pakellas.
  7844 | D:9      | Reached ** piety under Okawaru
  7941 | D:9      | Found a radiant altar of Vehumet.
  8039 | D:10     | Entered Level 10 of the Dungeon
  8420 | D:10     | Reached skill level 14 in Axes
  8552 | D:10     | Found a staircase to the Lair.
  9485 | D:11     | Noticed a hill giant
  9494 | D:11     | Killed a hill giant
  9494 | D:11     | Reached *** piety under Okawaru
  9494 | D:11     | Reached XP level 11. HP: 63/104 MP: 10/10
  9991 | D:11     | Found a burning altar of Makhleb.
 10105 | D:11     | Noticed Psyche
 10112 | D:11     | Killed Psyche
 10112 | D:11     | Reached skill level 10 in Armour
 10112 | D:11     | Reached skill level 1 in Invocations
 10221 | D:11     | Noticed a six-headed hydra
 10231 | D:11     | Killed a six-headed hydra
 10231 | D:11     | Reached **** piety under Okawaru
 10514 | D:11     | Noticed a hill giant
 10523 | D:11     | Killed a hill giant
 10749 | D:12     | Noticed a four-headed hydra
 10880 | D:12     | Noticed a hill giant
 10888 | D:12     | Killed a hill giant
 11074 | D:12     | Noticed a centaur warrior
 11088 | D:12     | Killed a centaur warrior
 11088 | D:12     | Reached ***** piety under Okawaru
 11088 | D:12     | Reached skill level 15 in Axes
 11230 | D:12     | Found a staircase to the Orcish Mines.
 11363 | D:12     | Killed a four-headed hydra
 11363 | D:12     | Received a gift from Okawaru
 11695 | D:12     | Reached XP level 12. HP: 110/115 MP: 13/13
 11874 | D:13     | Noticed a four-headed hydra
 12318 | D:13     | Noticed Maud
 12332 | D:13     | Reached skill level 5 in Invocations
 12334 | D:13     | Found a gate to the Vaults.
 12470 | D:13     | Noticed a tengu warrior
 12470 | D:13     | Noticed a centaur warrior
 12912 | Lair:1   | Entered Level 1 of the Lair of Beasts
 12912 | Lair:1   | Found a burning altar of Makhleb.
 13240 | Lair:1   | Noticed Sonja
 13264 | Lair:1   | Killed Sonja
 13788 | Lair:1   | Noticed a seven-headed hydra
 13792 | Lair:1   | Killed a seven-headed hydra
 13792 | Lair:1   | Reached skill level 16 in Axes
 14729 | Lair:3   | Received a gift from Okawaru
 14729 | Lair:3   | Reached skill level 17 in Axes
 14730 | Lair:3   | Got an ichor-stained hat {god gift}
 14736 | Lair:3   | Identified the +1 hat of Ipagrefi {rF+} (Okawaru gifted it to you on level 3 of the Lair of Beasts)
 15070 | Lair:3   | Found a staircase to the Swamp.
 15756 | Lair:4   | Noticed Nergalle
 15772 | Lair:4   | Killed Nergalle
 15805 | Lair:4   | Reached XP level 13. HP: 122/123 MP: 13/16
 15907 | Lair:4   | Noticed Rupert
 15919 | Lair:4   | Killed Rupert
 16790 | Lair:4   | Reached skill level 15 in Fighting
 17353 | Lair:5   | Noticed Snorg
 17361 | Lair:5   | Killed Snorg
 17392 | Lair:5   | Received a gift from Okawaru
 17406 | Lair:5   | Got a brightly glowing hand crossbow {god gift}
 17459 | Lair:5   | Identified the +8 hand crossbow "Tosunocs" {elec, Stlth+} (Okawaru gifted it to you on level 5 of the Lair of Beasts)
 17931 | Lair:5   | Reached skill level 18 in Axes
 18405 | Lair:6   | Reached ****** piety under Okawaru
 18405 | Lair:6   | Received a gift from Okawaru
 19052 | Lair:6   | Found a hole to the Spider Nest.
 19616 | Lair:7   | Reached XP level 14. HP: 109/137 MP: 17/17
 19870 | Lair:7   | Noticed Nessos
 19901 | Lair:7   | Killed Nessos
 20177 | Lair:7   | Received a gift from Okawaru
 20302 | Lair:7   | Gained mutation: You tend to lose your temper in combat. [potion of mutation]
 20302 | Lair:7   | Gained mutation: You are weak. (Str -2) [potion of mutation]
 20302 | Lair:7   | Gained mutation: Your mind is acute. (Int +2) [potion of mutation]
 20303 | Lair:7   | Lost mutation: You are weak. (Str -2) [potion of cure mutation]
 20303 | Lair:7   | Lost mutation: You tend to lose your temper in combat. [potion of cure mutation]
 20303 | Lair:7   | Lost mutation: Your mind is acute. (Int +2) [potion of cure mutation]
 20622 | Lair:6   | Reached skill level 19 in Axes
 21346 | Lair:8   | Entered Level 8 of the Lair of Beasts
 21356 | Lair:8   | Received a gift from Okawaru
 21363 | Lair:8   | Got a slimy falchion {god gift}
 21364 | Lair:8   | Identified the +3 falchion of Day {slice, rPois rN+} (Okawaru gifted it to you on level 8 of the Lair of Beasts)
 21727 | Lair:8   | Found a staircase to the Slime Pits.
 22217 | Lair:8   | Received a gift from Okawaru
 23492 | Lair:8   | Reached skill level 20 in Axes
 23492 | Lair:8   | Reached XP level 15. HP: 146/147 MP: 18/18
 23919 | D:13     | Killed Maud
 24283 | D:13     | Found a portal to a secret trove of treasure.
 24359 | D:13     | Found Cusish's Distillery.
 24378 | D:13     | Bought a potion of beneficial mutation for 490 gold pieces
 24380 | D:13     | Gained mutation: You are robust (+10% HP). [potion of beneficial mutation]
 24481 | D:13     | Found Uxos's Food Emporium.
 24836 | D:13     | Found a basalt altar of Yredelemnul.
 25287 | D:14     | Received a gift from Okawaru
 25288 | D:14     | Got a polished hat {god gift}
 25299 | D:14     | Identified the +0 hat of Demons {Int+4 Dex+2} (Okawaru gifted it to you on level 14 of the Dungeon)
 25424 | D:14     | You fall through a shaft!
 25424 | D:15     | Entered Level 15 of the Dungeon
 25462 | D:15     | Found a glowing golden altar of the Shining One.
 25521 | D:15     | Reached skill level 1 in Dodging
 25792 | D:14     | Reached skill level 21 in Axes
 26892 | D:15     | Found a staircase to the Depths.
 27068 | D:15     | Found a shadowy altar of Dithmenos.
 27733 | Orc:1    | Entered Level 1 of the Orcish Mines
 27893 | Orc:2    | Entered Level 2 of the Orcish Mines
 27895 | Orc:2    | Found a staircase to the Elven Halls.
 27946 | Orc:1    | Found a burning altar of Makhleb.
 28070 | Orc:2    | Noticed an orc warlord
 28076 | Orc:2    | Paralysed by an orc sorcerer for 5 turns
 28092 | Orc:2    | Killed an orc warlord
 28092 | Orc:2    | Reached skill level 5 in Dodging
 28473 | Orc:2    | Received a gift from Okawaru
 28514 | Orc:2    | Found a roughly hewn altar of Beogh.
 28521 | Orc:2    | Found Vaokics's Jewellery Emporium.
 28685 | Orc:2    | Found Egryin's Antique Armour Emporium.
 28794 | Orc:2    | Reached skill level 15 in Armour
 28945 | Orc:2    | Found Uniohip's Antique Weapon Emporium.
 28960 | Orc:2    | Found Utaodith's General Store.
 29176 | Orc:1    | Found a roughly hewn altar of Beogh.
 29259 | Orc:1    | Reached XP level 16. HP: 109/172 MP: 19/19
 30201 | Swamp:1  | Entered Level 1 of the Swamp
 30284 | Swamp:1  | Got a pair of twisted boots
 30295 | Swamp:1  | Identified the +1 pair of boots of the Nexus {*Contam +Inv MR++ Str+3} (You found it on level 1 of the Swamp)
 32301 | Swamp:4  | Entered Level 4 of the Swamp
 32654 | Swamp:3  | Received a gift from Okawaru
 32831 | Swamp:4  | Noticed a thorn hunter
 33252 | Swamp:3  | Killed a thorn hunter
 33820 | Swamp:4  | Got a decaying rune of Zot
 33867 | Swamp:4  | Noticed Kirke
 33885 | Swamp:4  | Killed Kirke
 34332 | Spider:1 | Entered Level 1 of the Spider Nest
 34333 | Spider:1 | Received a gift from Okawaru
 35672 | Spider:1 | Reached XP level 17. HP: 184/184 MP: 20/20
 35674 | Spider:1 | Reached skill level 22 in Axes
 35676 | Spider:1 | Noticed Tibison's ghost (journeyman MiBe)
 35694 | Spider:1 | Killed Tibison's ghost
 37158 | Spider:2 | Reached skill level 10 in Dodging
 37685 | Spider:3 | Received a gift from Okawaru
 38768 | Spider:4 | Entered Level 4 of the Spider Nest
 39606 | Spider:4 | HP: 3/189 [redback (10)]
 39609 | Spider:4 | Blown up by an orb spider

Skill      XL: |  1  2  3  4  5  6  7  8  9 10 11 12 13 14 15 16 17 |
---------------+----------------------------------------------------+-----
Axes           | 3 4 5 7 8 9 10 12 14 15 17 18 20 21 22 | 22.0
Armour         | 4 6 7 9 11 12 13 14 15 16 | 16.0
Fighting       | 4 5 6 8 9 12 13 16 17 18 19 20 | 20.6
Invocations    | 3 6 7 |  7.0
Dodging        | 5 9 11 | 11.0
Shields        | |  3.6

Action                   |  1- 3 |  4- 6 |  7- 9 | 10-12 | 13-15 | 16-18 || total
-------------------------+-------+-------+-------+-------+-------+-------++-------
Melee: War axe           |    90 |   120 |   222 |   800 |       |       ||  1232
       Headbutt          |     8 |    17 |    45 |   218 |   372 |   214 ||   874
       Morningstar       |       |       |       |    15 |    44 |       ||    59
       Broad axe         |       |       |       |       |   697 |       ||   697
       Battleaxe         |       |       |       |       |   549 |   210 ||   759
       Great mace        |       |       |       |       |    13 |       ||    13
       Executioner's axe |       |       |       |       |       |   478 ||   478
Invok: Heroism           |       |       |       |     6 |     4 |     2 ||    12
       Finesse           |       |       |       |     1 |     5 |     1 ||     7
 Abil: Evoke Flight      |       |       |       |       |       |     7 ||     7
Evoke: Rod               |       |       |       |       |     1 |       ||     1
  Use: Scroll            |       |     3 |     4 |    13 |     5 |    10 ||    35
       Potion            |       |       |     1 |     1 |    13 |     1 ||    16
 Stab: Distracted        |       |       |       |       |     1 |       ||     1
       Held in net/web   |       |       |       |       |       |     1 ||     1
  Eat: Chunk             |       |     7 |    10 |    50 |    27 |     8 ||   102
       Beef jerky        |       |       |       |     1 |     5 |     1 ||     7
       Pizza             |       |       |       |       |     4 |     1 ||     5
       Fruit             |       |       |       |       |     2 |       ||     2
       Meat ration       |       |       |       |       |       |     5 ||     5
       Royal jelly       |       |       |       |       |       |     1 ||     1
Armor: Scale mail        |    34 |    49 |       |       |       |       ||    83
       Chain mail        |       |     1 |    91 |       |       |       ||    92
       Plate armour      |       |       |    23 |   402 |   703 |   362 ||  1490
       Ring mail         |       |       |       |       |       |   106 ||   106
Dodge: Dodged            |    27 |    43 |    70 |   193 |   347 |   689 ||  1369
Block: Shield            |    54 |    74 |       |       |       |       ||   128
       Buckler           |       |     1 |    46 |   152 |   175 |       ||   374
